 Dungeon Crawl Stone Soup version 0.24-a0-525-g9231cdcba1 (webtiles) character file.

Game seed: 11976248106500818102

9853 shalash the Cleaver (level 11, -3/77 HPs)
             Began as an Octopode Chaos Knight on Aug 2, 2019.
             Was a Plaything of Xom.
             Shot with an arrow by a centaur (13 damage)
             ... on level 11 of the Dungeon.
             The game lasted 00:21:39 (14609 turns).

shalash the Cleaver (Octopode Chaos Knight)        Turns: 14609, Time: 00:21:40

Health: -3/77      AC:  1    Str: 17    XL:     11   Next: 53%
Magic:  16/17      EV: 19    Int: 15    God:    Xom [..*...]
Gold:   345        SH:  0    Dex: 14    Spells: 5/18 levels left

rFire    . . .     SeeInvis .   q - +0 trident of Xybref {pierce, rElec rPois rN+ Stlth+}
rCold    + . .     Gourm    .   (no shield)
rNeg     + + .     Faith    .   (helmet restricted)
rPois    +         Spirit   .   W - amulet of rage
rElec    +         Reflect  .   F - ring of protection from cold
rCorr    .         Harm     .   N - ring of protection from magic
MR       +....                  U - ring of stealth
Stlth    ++++......             Y - ring of positive energy
HPRegen  0.62/turn              (no ring)
MPRegen  0.15/turn              (no ring)
                                (no ring)
                                (no ring)

@: mighty, berserk cooldown
A: almost no armour, stealthy swim, amphibious, 8 rings, constrict 8, camouflage
1, regeneration 1, gelatinous body 1
a: Renounce Religion, Evoke Berserk Rage


You were on level 11 of the Dungeon.
You worshipped Xom.
You were a toy of Xom.
You were very hungry.

You visited 1 branch of the dungeon, and saw 11 of its levels.

You collected 675 gold pieces.
You spent 330 gold pieces at shops.

Inventory:

Hand Weapons
 n - a +0 trident
 q - the +0 trident of Xybref (weapon) {pierce, rElec rPois rN+ Stlth+}
   (You took it off an orc wizard on level 4 of the Dungeon)

   It inflicts extra damage upon your enemies.
   It insulates you from electricity.
   It protects you from poison.
   It protects you from negative energy.
   It makes you more stealthy.
 w - a +0 war axe of chopping
 V - a +0 war axe
Missiles
 A - a throwing net (quivered) {!f}
Armour
 I - a +0 large shield
Jewellery
 u - an uncursed ring of ice
 F - a ring of protection from cold (left tentacle)
 N - a ring of protection from magic (right tentacle)
 U - a ring of stealth (on tentacle)
 W - an amulet of rage (around mantle)
 Y - a ring of positive energy (on tentacle)
Wands
 s - a wand of paralysis (14)
 C - a wand of enslavement (14)
 E - a wand of flame (14)
 Q - a wand of polymorph (18)
 T - a wand of random effects (16)
Scrolls
 e - a scroll of enchant armour
 g - a scroll of noise
 i - 5 scrolls of fog
 j - 6 scrolls of teleportation {@r3}
 l - 3 scrolls of enchant weapon
 o - a scroll of brand weapon
 r - 3 scrolls of magic mapping
 x - 2 scrolls of blinking
 y - 5 scrolls of remove curse {@r2}
 z - 3 scrolls of amnesia
 B - a scroll of holy word
 H - a scroll of vulnerability
 J - a scroll of fear
Potions
 c - 2 potions of heal wounds
 h - 3 potions of haste
 t - 3 potions of curing {@q1}
 v - 2 potions of degeneration
 G - 2 potions of brilliance
 K - a potion of mutation {unknown}
 L - 2 potions of cancellation
 M - a potion of agility {unknown}
 R - 3 potions of lignification
 S - a potion of berserk rage
 Z - a potion of flight {unknown}
Comestibles
 a - 3 chunks of flesh
 b - 14 rations


   Skills:
 - Level 8.0 Fighting
   Level 3.0 Short Blades
 * Level 9.8(9.9) Axes
 - Level 1.6(6.4) Polearms
 + Level 9.6 Dodging
 - Level 4.0 Spellcasting
 - Level 1.2 Conjurations
 - Level 1.0 Hexes
 - Level 2.4 Translocations
 - Level 3.1 Air Magic
 - Level 3.1 Poison Magic
 - Level 5.0 Evocations


You had 5 spell levels left.
You knew the following spells:

 Your Spells              Type           Power        Failure   Level  Hunger
a - Mephitic Cloud        Conj/Pois/Air  ##......     19%         3    ###....
b - Blink                 Tloc           N/A          10%         2    ##.....
c - Conjure Flame         Conj/Fire      #.......     38%         3    ###....
d - Call Imp              Summ           #.......     26%         2    ##.....
e - Confusing Touch       Hex            #.....       12%         1    None
f - Passwall              Tmut/Erth      #.......     26%         2    ##.....

Your spell library contained the following spells:

 Spells                   Type           Power        Failure   Level  Hunger
 Sting                    Conj/Pois      #...         8%          1    None
 Poisonous Vapours        Pois/Air       ##....       8%          2    ##.....
 Magic Dart               Conj           #...         11%         1    None
 Sandblast                Erth           #.....       19%         1    None
 Slow                     Hex            #.......     19%         2    ##.....
 Gell's Gravitas          Tloc           ##........   21%         3    ###....
 Confuse                  Hex            #.......     34%         3    ###....
 Stone Arrow              Conj/Erth      #.....       38%         3    ###....
 Olgreb's Toxic Radiance  Pois           ##......     45%         4    ####...
 Petrify                  Tmut/Erth      #.......     87%         4    ####...
 Venom Bolt               Conj/Pois      #.........   90%         5    ######.
 Lee's Rapid Deconstruct  Erth           #.........   99%         5    ######.
 Metabolic Englaciation   Hex/Ice        #.........   99%         5    ######.
 Yara's Violent Unravell  Hex/Tmut       #.........   99%         5    ######.


Dungeon Overview and Level Annotations

Branches:
Dungeon (11/15)            Temple (0/1) D:4             Orc (0/2) D:9
   Lair: D:8-11

Altars:
Ashenzari
Dithmenos
Fedhas
Gozag
Kikubaaqudgha
Okawaru
Qazlal
Sif Muna
Trog
Vehumet
Wu Jian
Xom
Yredelemnul

Shops:
D:4 =   D:9 !

Annotations:
D:6 3 runed translucent doors, AarnesTheHuman's ghost, novice FoVM; Carillon's ghost, novice GrEE; TheNamelessOne's ghost, novice OpEE
D:7 exclusion: oklob plant
D:11 3 runed translucent doors, skumtomte's ghost, adept DEFE


Innate Abilities, Weirdness & Mutations

You cannot wear most types of armour.
You are very stealthy in the water. (Stealth+)
You are amphibious.
You can wear up to eight rings at the same time.
You can use your tentacles to constrict eight enemies at once.
Your skin changes colour to match your surroundings (Stealth+).
Your rubbery body absorbs attacks. (AC +1, EV +1)
Your natural rate of healing is unusually fast.


Message History

The centaur wields a +0 shortbow.
The centaur shoots an arrow.
The arrow hits you!
* * * LOW HITPOINT WARNING * * *
The centaur shoots an arrow.
The arrow misses you.
You see here an arrow.
You feel yourself speed up.
The centaur shoots an arrow.
The arrow hits you!
* * * LOW HITPOINT WARNING * * *
The centaur shoots an arrow.
The arrow closely misses you.
You see here an arrow.
The centaur shoots an arrow.
The arrow completely misses you.
You don't have any such object.
Okay, then.
Okay, then.
Aiming: Enslavement
Aim: a centaur, wielding a +0 shortbow (severely wounded, chance to defeat MR: 61%)
The centaur resists with significant effort.
The centaur shoots an arrow.
The arrow hits you!
You die...
Xom chortles!

##.#.###.##.##.....#
.......#K##.##.##..#
######.#.##.##.##..###
#.#..#c..##.##<##....#
(}Zl##K####.##.##....#
...#.#h# #....##....###
.#.#.#.# #######......#
...#.#.##########......#
..##.#.)5oCKc(((@..(...#
....H#.###########.....###
+++###........# #.......#
.......#....#.# ##...####
..##...#....#.# #...####.#
.......#.#..#.# #........#
.#.##..#....#.#####..#######
.#.##..#...##........#
.#..........########.#


You could see a cyclops, a centaur, an orc wizard and a kobold.

Vanquished Creatures
  2 two-headed ogres
  A centaur skeleton (D:10)
  2 polar bears (D:9)
  2 trolls (D:10)
  2 hippogriffs
  2 shadows (D:11)
  2 wyverns
  Sigmund (D:3)
  6 yaks
  A human (D:10)
  Eustachio (D:4)
  A hungry ghost (D:8)
  A water moccasin (D:8)
  A crocodile (D:11)
  An orc warrior (D:9)
  A phantom (D:10)
  2 black bears (D:11)
  8 sky beasts
  7 ice beasts
  9 ogres
  6 centaurs
  A big kobold (D:11)
  4 bullfrogs
  5 scorpions
  8 killer bees (D:11)
  2 howler monkeys (D:8)
  A crimson imp (D:10)
  A centaur zombie (D:5)
  A jelly (D:5)
  A bullfrog zombie (D:11)
  5 hounds
  4 orc priests
  A gnoll shaman (D:5)
  7 orc wizards
  Ijyb (D:4)
  2 iguanas (D:5)
  12 worker ants
  A hound zombie (D:10)
  A howler monkey zombie (D:6)
  3 worker ant zombies
  2 gnolls (D:7)
  10 adders
  A shadow imp (D:5)
  An ooze (D:6)
  An adder skeleton (D:5)
  An adder zombie (D:8)
  A worm (D:2)
  7 dart slugs
  8 leopard geckos
  34 orcs
  A ball python (D:4)
  3 giant cockroaches
  8 goblins
  6 hobgoblins
  9 jackals
  3 quokkas
  5 bats
  4 frilled lizards
  10 kobolds
  12 rats
247 creatures vanquished.

Vanquished Creatures (collateral kills)
  An orc warrior (D:8)
  An orc (D:11)
2 creatures vanquished.

Vanquished Creatures (others)
  A porcupine (D:11)
  A black bear (D:11)
  A human (D:4)
  An orc (D:10)
  49 fungi (D:11)
  9 plants (D:11)
62 creatures vanquished.

Grand Total: 311 creatures vanquished

Notes
Turn   | Place    | Note
-------+----------+-------------------------------------------
     0 | D:1      | shalash the Octopode Chaos Knight began the quest for the
                  | Orb.
     0 | D:1      | Reached XP level 1. HP: 16/16 MP: 1/1
   116 | D:1      | Reached XP level 2. HP: 19/21 MP: 2/2
   148 | D:1      | XOM: silly message
   346 | D:1      | XOM: mild Chrm miscast
   522 | D:1      | XOM: confuse monster(s)
   527 | D:1      | Reached XP level 3. HP: 21/27 MP: 3/3
  1276 | D:2      | Found a stormy altar of Qazlal.
  1303 | D:2      | XOM: harmless Air miscast
  1305 | D:2      | XOM: smoke on damage
  1307 | D:2      | XOM: smoke on damage
  1425 | D:2      | Found an iron altar of Okawaru.
  1426 | D:2      | Reached XP level 4. HP: 33/33 MP: 4/4
  1456 | D:2      | XOM: blink monster(s)
  2040 | D:2      | Found a deep blue altar of Sif Muna.
  2070 | D:2      | XOM: mild Erth miscast
  2141 | D:3      | Noticed Sigmund
  2209 | D:3      | XOM: smoke on damage
  2528 | D:3      | You fall into a shaft and drop 2 floors!
  2528 | D:5      | Entered Level 5 of the Dungeon
  2529 | D:5      | Noticed an ogre
  2541 | D:5      | Reached XP level 5. HP: 31/38 MP: 5/5
  2548 | D:5      | Reached skill level 5 in Fighting
  2592 | D:5      | XOM: silly message
  2682 | D:4      | XOM: god gift: Young Poisoner's Handbook
  2817 | D:4      | Found Carreoti's Jewellery Boutique.
  2817 | D:4      | XOM: 5-stop teleportation journey
  2821 | D:4      | XOM: god gift: scroll labeled PYIK REBAEKUI {god gift}
  2829 | D:4      | Learned a level 3 spell: Mephitic Cloud
  2849 | D:4      | XOM: divination: detect items
  2858 | D:4      | Identified the cursed +0 trident of Xybref {pierce, rElec
                  | rPois rN+ Stlth+}
  3217 | D:4      | Reached skill level 1 in Poison Magic
  3217 | D:4      | Reached XP level 6. HP: 45/45 MP: 6/6
  3246 | D:4      | Noticed Ijyb
  3261 | D:4      | Killed Ijyb
  3375 | D:4      | Found an ancient bone altar of Kikubaaqudgha.
  3376 | D:4      | Noticed a human
  3379 | D:4      | Killed a human
  3692 | D:4      | Found a staircase to the Ecumenical Temple.
  3934 | D:3      | XOM: potion effect (might)
  3941 | D:3      | Killed Sigmund
  3941 | D:3      | Reached skill level 1 in Polearms
  3941 | D:3      | Reached skill level 1 in Spellcasting
  3941 | D:3      | Reached skill level 1 in Conjurations
  3941 | D:3      | Reached skill level 1 in Air Magic
  3941 | D:3      | Reached XP level 7. HP: 39/50 MP: 6/8
  4185 | D:3      | Found a blossoming altar of Fedhas.
  4188 | D:3      | Found an ancient bone altar of Kikubaaqudgha.
  4639 | D:5      | Reached skill level 1 in Axes
  4642 | D:5      | XOM: summons 3 hostile demons
  4650 | D:5      | HP: 2/51 [quasit[Xom] (2)]
  4670 | D:5      | XOM: mild Ice miscast
  4956 | D:5      | Noticed Eustachio
  4973 | D:4      | Killed Eustachio
  5081 | D:5      | Reached XP level 8. HP: 49/57 MP: 10/10
  5165 | D:5      | HP: 1/57 [ice beast (12)]
  5753 | D:5      | Reached skill level 5 in Dodging
  5896 | D:5      | Found an ornate altar of the Wu Jian Council.
  5907 | D:5      | XOM: 2-stop teleportation journey
  5908 | D:5      | XOM: enchant monster (bad)
  6482 | D:5      | Learned a level 2 spell: Blink
  6486 | D:5      | Learned a level 3 spell: Conjure Flame
  6489 | D:5      | Learned a level 2 spell: Call Imp
  6529 | D:6      | Found a runed translucent gate.
  6529 | D:6      | Found a runed translucent gate.
  6529 | D:6      | Found a runed translucent gate.
  6529 | D:6      | Noticed Carillon's ghost (novice GrEE)
  6558 | D:6      | Noticed a wyvern
  6568 | D:6      | Killed a wyvern
  6649 | D:6      | XOM: noise
  6664 | D:6      | Reached skill level 1 in Evocations
  6664 | D:6      | Reached XP level 9. HP: 35/63 MP: 13/13
  6795 | D:6      | XOM: severe Air miscast
  7264 | D:6      | Reached skill level 1 in Translocations
  7650 | D:6      | Noticed TheNamelessOne's ghost (novice OpEE)
  7651 | D:6      | Noticed AarnesTheHuman's ghost (novice FoVM)
  7702 | D:7      | XOM is BORED!
  7793 | D:7      | Found a shimmering altar of Xom.
  7831 | D:7      | XOM: severe Conj miscast
  8162 | D:7      | Reached skill level 5 in Axes
  8377 | D:7      | Found a shadowy altar of Dithmenos.
  8404 | D:7      | Found an iron altar of Okawaru.
  8405 | D:7      | Noticed an oklob plant
  8678 | D:7      | XOM: god gift: 14 arrows
  8964 | D:7      | XOM: noise
  9067 | D:7      | XOM: harmless Ice miscast
  9207 | D:7      | XOM: medium Tmut miscast
  9380 | D:8      | XOM: blink monster(s)
  9386 | D:8      | XOM: scenery: 2 doors open
  9389 | D:8      | XOM: summons friendly ufetubus
  9491 | D:8      | XOM: smoke on damage
  9548 | D:8      | XOM: 1-stop teleportation journey
  9549 | D:8      | Noticed a two-headed ogre
  9550 | D:8      | XOM: mild Tloc miscast
  9554 | D:8      | Killed a two-headed ogre
  9929 | D:8      | Noticed a moth of wrath
  9932 | D:8      | Found a bloodstained altar of Trog.
  9949 | D:8      | XOM: polymorph worm -> water moccasin
 10422 | D:8      | Found a radiant altar of Vehumet.
 10426 | D:8      | Found a shattered altar of Ashenzari.
 10434 | D:8      | XOM: divination: magic mapping
 10439 | D:8      | Reached XP level 10. HP: 35/71 MP: 16/16
 10621 | D:8      | Found an opulent altar of Gozag.
 11055 | D:9      | Found a basalt altar of Yredelemnul.
 11205 | D:9      | XOM: potion effect (might)
 11839 | D:9      | XOM: harmless Necr miscast
 11955 | D:9      | Found Tucziser's Distillery.
 11958 | D:9      | Bought a potion of cancellation for 120 gold pieces
 11958 | D:9      | Bought a potion of lignification for 45 gold pieces
 11958 | D:9      | Bought a potion of berserk rage for 75 gold pieces
 11958 | D:9      | Bought a potion of lignification for 45 gold pieces
 11958 | D:9      | Bought a potion of curing for 45 gold pieces
 12011 | D:9      | XOM: potion effect (invisibility)
 12101 | D:9      | XOM: potion effect (brilliance)
 12130 | D:9      | XOM: divination: magic mapping
 12133 | D:9      | XOM: harmless Tloc miscast
 12151 | D:9      | XOM: harmless Hex miscast
 12483 | D:9      | Found a staircase to the Orcish Mines.
 12732 | D:9      | XOM: god gift: gold wand {god gift}
 12881 | D:9      | Learned a level 1 spell: Confusing Touch
 12884 | D:9      | Learned a level 2 spell: Passwall
 12981 | D:10     | Entered Level 10 of the Dungeon
 12985 | D:10     | XOM: god gift: wand of flame (15)
 12986 | D:10     | XOM: summons friendly crimson imp
 12992 | D:10     | XOM: summons friendly shadow imp
 13037 | D:9      | XOM: give mutation
 13037 | D:9      | Gained mutation: Your natural rate of healing is unusually
                  | fast. [Xom's grace]
 13122 | D:10     | Reached skill level 1 in Hexes
 13141 | D:10     | XOM: harmless Chrm miscast
 13304 | D:10     | XOM: harmless Pois miscast
 13338 | D:10     | Reached skill level 5 in Evocations
 13653 | D:10     | Reached XP level 11. HP: 63/77 MP: 17/17
 13892 | D:10     | XOM: potion effect (haste)
 14106 | D:11     | XOM: silly message
 14148 | D:11     | Found a runed translucent gate.
 14148 | D:11     | Found a runed translucent gate.
 14148 | D:11     | Found a runed translucent gate.
 14198 | D:11     | XOM: harmless Necr miscast
 14212 | D:11     | XOM: harmless Summ miscast
 14253 | D:11     | Noticed a minotaur
 14259 | D:11     | XOM: potion effect (invisibility)
 14262 | D:11     | XOM: butterfly on damage
 14277 | D:11     | Noticed skumtomte's ghost (adept DEFE)
 14501 | D:11     | Noticed a two-headed ogre
 14502 | D:11     | XOM: potion effect (might)
 14505 | D:11     | XOM: potion effect (curing)
 14511 | D:11     | Killed a two-headed ogre
 14564 | D:11     | XOM: potion effect (might)
 14564 | D:11     | Noticed a cyclops
 14566 | D:11     | Noticed a wizard
 14575 | D:11     | XOM: potion effect (berserk rage)
 14596 | D:11     | XOM: potion effect (heal wounds)
 14609 | D:11     | Shot with an arrow by a centaur

Levels and vault maps discovered:
D:1:      dpeg_arrival_connections, layout_basic, lemuel_flame_loot_1
D:2:      layout_basic, marbit_many_paths, lemuel_blue_sif_altar,
          nicolae_qazlal_eye_of_the_storm, serial_rivers,
          chequers_serial_rivers_micro_c, chequers_serial_rivers_micro_c,
          chequers_serial_rivers_room_b, chequers_serial_rivers_micro_b
D:3:      layout_loops_ring, grunt_temple_overflow_growth_and_decay,
          first_ration, uniq_sigmund
D:4:      layout_gridville, minmay_temple_entry_poolview, serial_shops,
          nicolae_shop_crystal, tgw_kikubaaqudgha, uniq_ijyb
D:5:      layout_basic, nicolae_overflow_crystal_walls, minmay_strange_pillars,
          hangedman_minor_gate_pass, uniq_eustachio
D:6:      layout_basic, gammafunk_ghost_cemetery, hangedman_decor_points
D:7:      layout_loops_corners, nicolae_dithmenos_shadow_blocks, tgw_xom,
          grunt_ogre_cave, chequers_serial_rivers_micro_d, lemuel_oklob_altar
D:8:      layout_basic, minmay_overflow_temple_star_quad, tgw_trog
D:9:      layout_irregular_city, lemuel_round_altar, orc_0_dummy, serial_shops,
          kennysheep_mini_moat, serial_ice, serial_ice_b, serial_ice_a,
          serial_ice_d, serial_ice_c
D:10:     layout_long_grid
D:11:     cheibrodos_steamvent, layout_basic, due_lair_maze_entry_diamond,
          maelrawn_ghost_gauntlet_escape, lightli_wizard_tower

Skill      XL: |  1  2  3  4  5  6  7  8  9 10 11 |
---------------+----------------------------------+-----
Fighting       | 4 5 6 7 8 |  8.0
Dodging        | 3 4 5 7 8 9 |  9.6
Poison Magic   | 1 2 3 |  3.1
Polearms       | 1 |  1.6
Spellcasting   | 1 3 4 |  4.0
Conjurations   | 1 |  1.2
Air Magic      | 1 2 3 |  3.1
Axes           | 2 4 5 7 9 |  9.8
Evocations     | 1 3 5 |  5.0
Translocations | 2 |  2.4
Hexes          | 1 |  1.0
Short Blades   | |  3.0

Action                   |  1- 3 |  4- 6 |  7- 9 | 10-12 || total
-------------------------+-------+-------+-------+-------++-------
Melee: Short sword       |    65 |    80 |       |       ||   145
       Constrict         |    22 |    23 |    34 |    45 ||   124
       Tentacles         |     4 |    21 |    42 |    79 ||   146
       Trident           |       |    23 |   302 |   405 ||   730
       Dagger            |       |     3 |       |       ||     3
       Unarmed           |       |       |     3 |       ||     3
 Cast: Mephitic Cloud    |       |     1 |       |     8 ||     9
Evoke: Wand              |       |       |    11 |    32 ||    43
  Use: Scroll            |       |     2 |    13 |     3 ||    18
       Potion            |       |       |     4 |     1 ||     5
 Stab: Paralysed         |     1 |       |    23 |    33 ||    57
       Sleeping          |     3 |     6 |    18 |    14 ||    41
       Confused          |     1 |       |       |     4 ||     5
       Invisible         |       |       |     1 |     2 ||     3
  Eat: Chunk             |     2 |     2 |    13 |    12 ||    29
       Ration            |       |     2 |     3 |     1 ||     6
Armor: Skin              |     2 |     2 |   115 |     8 ||   127
Dodge: Dodged            |    34 |    57 |   163 |   324 ||   578

Table legend:
 A = Non-vault XP
 B = Vault XP
 C = Vault XP percentage of total XP
 D = Non-vault monster count
 E = Vault monster count
 F = Vault count percentage of total count
                 A         B        C        D         E       F
            +---------+---------+-------+---------+---------+-------
      Total |   11225 |    2851 |  20.3 |     219 |      31 |  12.4
            +---------+---------+-------+---------+---------+-------
        D:1 |      49 |       0 |   0.0 |      30 |       0 |   0.0
        D:2 |      68 |       1 |   1.4 |      17 |       1 |   5.6
        D:3 |     125 |     212 |  62.9 |      17 |       1 |   5.6
        D:4 |     214 |     227 |  51.5 |      11 |       2 |  15.4
        D:5 |    1016 |     131 |  11.4 |      22 |       5 |  18.5
        D:6 |     450 |       0 |   0.0 |       6 |       0 |   0.0
        D:7 |     439 |     153 |  25.8 |       9 |       3 |  25.0
        D:8 |    1657 |     161 |   8.9 |      14 |       5 |  26.3
        D:9 |    1284 |    1336 |  51.0 |      18 |       7 |  28.0
       D:10 |    2307 |       0 |   0.0 |      27 |       0 |   0.0
       D:11 |    3616 |     630 |  14.8 |      48 |       7 |  12.7
            +---------+---------+-------+---------+---------+-------
